 Dungeon Crawl Stone Soup version 0.28-a0-1344-g6b9ff3a05d (webtiles) character file.

Game seed: 9254091879217112179

139 Deminshera the Bolt Thrower (level 5, -4/45 HPs)
             Began as a Naga Hunter on Dec 29, 2021.
             Slain by a gnoll (8 damage)
             ... on level 3 of the Dungeon.
             The game lasted 00:04:21 (2744 turns).

Deminshera the Bolt Thrower (Naga Hunter)           Turns: 2744, Time: 00:04:21

Health: -4/45      AC:  4    Str: 16    XL:     5   Next: 22%
Magic:  5/5        EV:  9    Int: 11    God:
Gold:   76         SH:  4    Dex: 12    Spells: 4/4 levels left

rFire   . . .      SeeInvis +   b - +0 short sword
rCold   . . .      Faith    .   n - +0 buckler
rNeg    . . .      Spirit   .   c - +0 leather armour
rPois   +          Reflect  .   m - +0 helmet
rElec   .          Harm     .   (no cloak)
rCorr   .          Rampage  .   (no gloves)
Will    .....                   (no barding)
Stlth   +.........              (no amulet)
HPRegen 0.15/turn               (no ring)
MPRegen 0.09/turn               (no ring)

@: mighty, very slow
A: AC +1, large, see invisible, deformed body, poison resistance, slowness 2,
spit poison 1, naga tail 1
a: Spit Poison


You were on level 3 of the Dungeon.
You visited 1 branch of the dungeon, and saw 3 of its levels.

You collected 76 gold pieces.

Inventory:

Hand Weapons
 a - a +1 hand crossbow
 b - a +0 short sword (weapon)
Missiles
 d - 7 bolts
Armour
 c - a +0 leather armour (worn)
 m - a +0 helmet (worn)
 n - a +0 buckler (worn)
Jewellery
 k - an amulet of guardian spirit
Wands
 s - a wand of flame (13)
Scrolls
 e - a scroll of teleportation {unknown}
 g - a scroll of identify {unknown}
 h - 3 scrolls of magic mapping {unknown}
 i - a scroll of noise {unknown}
 o - a scroll of silence {unknown}
 p - a scroll of amnesia {unknown}
Potions
 f - a potion of might
 j - a potion of heal wounds {unknown}
 l - a potion of lignification {unknown}
 q - a potion of degeneration {unknown}
 r - a potion of mutation {unknown}


   Skills:
 - Level 2.0 Fighting
 + Level 5.3 Crossbows
 - Level 1.5 Dodging
 - Level 1.5 Stealth
 + Level 1.8 Shields


You had 4 spell levels left.
You didn't know any spells.
Your spell library was empty.

Dungeon Overview and Level Annotations

Branches:
Dungeon (3/15)

Altars:

Shops:
D:1 =


Innate Abilities, Weirdness & Mutations

Your serpentine skin is tough. (AC +1)
You have supernaturally acute eyesight. (SInv)
Armour fits poorly on your strangely shaped body.
Your system is resistant to poisons. (rPois)
You cover ground very slowly.
You can spit poison.
You have a snake-like lower body.


Message History

The gnoll closely misses you.
Things that are here:
a +0 club; a +2 whip of electrocution; a +0 short sword of venom
Aiming: Spit Poison (1% risk of failure)
Press: ? - help, Shift-Dir - straight line, f - bat
Aim: a bat The splash of poison hits the gnoll!
The gnoll is poisoned.
The gnoll is severely wounded.
The gnoll hits you with a +0 flail!
You closely miss the gnoll.
The gnoll is severely wounded.
The gnoll hits you with a +0 flail!
You closely miss the gnoll.
The gnoll is almost dead.
You block the gnoll's attack. The gnoll hits you with a +0 flail.
You hit the gnoll.
You kill the gnoll!
You have got your breath back.
Aiming: Spit Poison (1% risk of failure)
Press: ? - help, Shift-Dir - straight line, f - gnoll, p - bat
Aim: a gnoll, wielding a +0 club The splash of poison hits the gnoll.
The gnoll is poisoned.
The gnoll is heavily wounded.
The gnoll hits you with a +0 club.
Things that are here:
a +0 dagger; a +0 robe It was a potion of might.
You feel very mighty all of a sudden. The gnoll hits you with a +0 club.
The gnoll closely misses you.
You puncture the gnoll!
You kill the gnoll!
You block the gnoll's attack.
You have got your breath back.
The gnoll hits you with a +0 halberd!
* * * LOW HITPOINT WARNING * * *
You see here a +0 club.
You puncture the gnoll!
The gnoll is almost dead.
The gnoll hits you with a +0 halberd!
You die...

.......##..........#.#######...#
#......................#......#
#......(.######.###..#.##...#
##....#.#######.# #.....#...##
#............##.###.........##
#..#.#.#####..#.......##....##
####.##.#.# ##...###.#........#
.....##...########...#..###.##...
.............gbg@)...).........##
...####.###.########............#
#.## #.# #... ###.....†....# #.#
#.# ###.# #.#.....÷... #.# ..#
... .. #........# ..# .## ... #
#........# ### .# .... #........#
# ... #........# #........#


You could see 2 gnolls and a bat.

Vanquished Creatures
  A jelly (D:3)
  An orc wizard (D:3)
  2 gnolls (D:3)
  3 worms
  A dart slug (D:2)
  4 orcs (D:3)
  3 bats (D:1)
  8 endoplasms
  3 goblins
  7 hobgoblins
  4 quokkas
  2 ball pythons (D:1)
  2 frilled lizards (D:1)
  6 kobolds
  2 rats
49 creatures vanquished.

Notes
Turn   | Place    | Note
-------+----------+-------------------------------------------
     0 | D:1      | Deminshera the Naga Hunter began the quest for the Orb.
     0 | D:1      | Reached XP level 1. HP: 19/19 MP: 1/1
    41 | D:1      | Reached skill level 4 in Crossbows
    41 | D:1      | Reached XP level 2. HP: 26/26 MP: 2/2
    69 | D:1      | Found Gayrutow's Jewellery Shoppe.
   480 | D:1      | Reached XP level 3. HP: 32/32 MP: 3/3
  1153 | D:2      | Found a faded altar of an unknown god.
  2062 | D:3      | Reached XP level 4. HP: 36/39 MP: 4/4
  2107 | D:3      | Reached skill level 5 in Crossbows
  2107 | D:3      | Reached skill level 1 in Shields
  2119 | D:3      | Reached XP level 5. HP: 14/45 MP: 5/5
  2744 | D:3      | Slain by a gnoll

Illustrated notes

Levels and vault maps discovered:
D:1:      minmay_arrival_solitary_statue, layout_rooms, serial_shops,
          nicolae_shop_behind_doors, roderic_lattice_a
D:2:      layout_loops_ring, shapermc_ecumenical_altar_flowoftime
D:3:      layout_rooms

Skill      XL: |  1  2  3  4 |
---------------+-------------+-----
Crossbows      | 4 5 |  5.3
Shields        | 1 |  1.8
Fighting       | |  2.0
Dodging        | |  1.5
Stealth        | |  1.5

Action                   |  1- 3 |  4- 6 || total
-------------------------+-------+-------++-------
Melee: Short sword       |    15 |    14 ||    29
 Fire: Hand crossbow     |    59 |    11 ||    70
 Abil: Spit Poison       |    15 |     7 ||    22
  Use: Potion            |       |     1 ||     1
Armor: Leather armour    |    16 |     8 ||    24
Dodge: Dodged            |    18 |    16 ||    34
Block: Buckler           |     2 |     7 ||     9

Table legend: (Time is in decaauts)
 A = Elapsed time spent in this place.
 B = Non-inter-level travel time spent in this place.
 C = Inter-level travel time spent in this place.
 D = Time resting spent in this place.
 E = Time spent auto-exploring this place.
 F = Levels seen in this place.
 G = Mean time per level.
                   A        B        C        D        E       F      G
               +--------+--------+--------+--------+--------+-----+--------+
         Total |   3409 |   3242 |    167 |    780 |   2054 |   3 | 1136.3 |
       Dungeon |   3409 |   3242 |    167 |    780 |   2054 |   3 | 1136.3 |
               +--------+--------+--------+--------+--------+-----+--------+

Top non-repeatable levels by time:
     D:2: 1279 daAuts
     D:3: 1103 daAuts
     D:1: 1025 daAuts
